| TOP OF THE 1ST |
|
Norfolk Tides batting - Pitching for Buffalo Bisons : RHP Edward Saunders
|
|
Pitching: RHP Edward Saunders
|
|
|
Batting: SHB Marvin Garcia
|
0-0: Called Strike 0-1: Swinging Strike 0-2: Strikes out swinging
|
|
Batting: RHB Longfellow Wetzler
|
0-0: Called Strike 0-1: Foul Ball, location: 2F 0-2: Ball 1-2: Strikes out swinging
|
|
Batting: LHB Ben Rubenacker
|
0-0: Ball 1-0: Called Strike 1-1: Ball 2-1: Ball 3-1: Base on Balls
|
|
Batting: RHB Michel Kamphuis
|
0-0: Fielders Choice at 2nd, 6-4 (Groundball, 6, EV 108.8 MPH)
|
| Top of the 1st over - 0 runs, 0 hits, 0 errors, 1 left on base; Norfolk 0 - Buffalo 0 |
| BOTTOM OF THE 1ST |
|
Buffalo Bisons batting - Pitching for Norfolk Tides : LHP Silas Chinn
|
|
Pitching: LHP Silas Chinn
|
|
|
Batting: RHB Finn Ross
|
0-0: Ball 1-0: Swinging Strike 1-1: Foul Ball, location: 2F 1-2: Ball 2-2: Ball 3-2: Foul Ball, location: 2F 3-2: Foul Ball, location: 2F 3-2: SINGLE (Line Drive, 7S, EV 93.8 MPH)
|
|
Batting: RHB Alex Ramos
|
0-0: Called Strike 0-1: Ball 1-1: Ball 2-1: DOUBLE (Flyball, 78XD, EV 106.2 MPH) Finn Ross to third
|
|
Batting: RHB Itsuo Egami
|
0-0: Fly out, F9 (Line Drive, 9, EV 97.5 MPH) Runner from 3rd tags up, SCORES, no throw by RF
|
|
Batting: RHB Francisco Hernandez
|
0-0: Ball 1-0: Foul Ball, location: 2F 1-1: Swinging Strike 1-2: Foul Ball, location: 2F 1-2: Foul Ball, location: 2F 1-2: Ball 2-2: Ball 3-2: Ground out 2-3 (Groundball, 13S, EV 76.2 MPH) Alex Ramos to third
|
|
Batting: RHB Amari Benton
|
0-0: Ground out 4-3 (Groundball, 34, EV 81.9 MPH)
|
| Bottom of the 1st over - 1 run, 2 hits, 0 errors, 1 left on base; Norfolk 0 - Buffalo 1 |
| TOP OF THE 2ND |
|
Norfolk Tides batting - Pitching for Buffalo Bisons : RHP Edward Saunders
|
|
Batting: SHB Ben Pierce
|
0-0: Foul Ball, location: 2F 0-1: Ball 1-1: Foul Ball, location: 2F 1-2: Foul Ball, location: 2F 1-2: Foul Ball, location: 2F 1-2: DOUBLE (Line Drive, 9LD, EV 110.6 MPH)
|
|
Batting: RHB Bobby Scholl
|
0-0: Foul Ball, location: 2F 0-1: Swinging Strike 0-2: Ball 1-2: Foul Ball, location: 2F 1-2: Strikes out swinging
|
|
Batting: SHB Brian Bentz
|
0-0: Swinging Strike 0-1: Ball 1-1: Fly out, F9 (Line Drive, 89S, EV 90.6 MPH)
|
|
Batting: RHB Logan Savarese
|
0-0: Called Strike 0-1: Foul Ball, location: 2F 0-2: Ball 1-2: Ground out 5-3 (Groundball, 5S, EV 88.1 MPH)
|
| Top of the 2nd over - 0 runs, 1 hit, 0 errors, 1 left on base; Norfolk 0 - Buffalo 1 |
| BOTTOM OF THE 2ND |
|
Buffalo Bisons batting - Pitching for Norfolk Tides : LHP Silas Chinn
|
|
Batting: RHB John Michener
|
0-0: Swinging Strike 0-1: Swinging Strike 0-2: Ball 1-2: Ball 2-2: Fly out, F7 (Flyball, 78D, EV 95.6 MPH)
|
|
Batting: RHB Jordan Fairburn
|
0-0: Ground out 5-3 (Groundball, 5L, EV 85.0 MPH)
|
|
Batting: RHB Darren McCarty Jr.
|
0-0: Ball 1-0: Ball 2-0: Ball 3-0: Called Strike 3-1: Base on Balls
|
|
Batting: RHB Justin Ganey
|
0-0: Ball 1-0: Foul Ball, location: 2F 1-1: Swinging Strike 1-2: Ball 2-2: Foul Ball, location: 2F 2-2: Foul Ball, location: 2F 2-2: Strikes out looking
|
| Bottom of the 2nd over - 0 runs, 0 hits, 0 errors, 1 left on base; Norfolk 0 - Buffalo 1 |
| TOP OF THE 3RD |
|
Norfolk Tides batting - Pitching for Buffalo Bisons : RHP Edward Saunders
|
|
Batting: RHB Mario Saez
|
0-0: Ball 1-0: Ball 2-0: Ball 3-0: Called Strike 3-1: Foul Ball, location: 2F 3-2: Base on Balls
|
|
Batting: SHB Marvin Garcia
|
0-0: Ball 1-0: Ball 2-0: Ball 3-0: Called Strike 3-1: Base on Balls Mario Saez to second
|
|
Batting: RHB Longfellow Wetzler
|
0-0: Called Strike 0-1: Ball 1-1: Ball 2-1: SINGLE (Groundball, 6MD, EV 100.0 MPH) Mario Saez to third Marvin Garcia to second
|
|
Batting: LHB Ben Rubenacker
|
0-0: Called Strike 0-1: Ball 1-1: Called Strike 1-2: Foul Ball, location: 2F 1-2: Grounds into double play, 5-4-3 (Groundball, 5S, EV 86.9 MPH) Mario Saez scores Marvin Garcia to third
|
|
Batting: RHB Michel Kamphuis
|
0-0: Called Strike 0-1: Ball 1-1: Ground out 1-3 (Groundball, 13S, EV 69.4 MPH)
|
| Top of the 3rd over - 1 run, 1 hit, 0 errors, 1 left on base; Norfolk 1 - Buffalo 1 |
| BOTTOM OF THE 3RD |
|
Buffalo Bisons batting - Pitching for Norfolk Tides : LHP Silas Chinn
|
|
Batting: RHB Finn Ross
|
0-0: Ball 1-0: Called Strike 1-1: Foul Ball, location: 2F 1-2: Ball 2-2: Foul Ball, location: 2F 2-2: Ball 3-2: Strikes out swinging
|
|
Batting: RHB Alex Ramos
|
0-0: Swinging Strike 0-1: Called Strike 0-2: Ball 1-2: Ball 2-2: Ground out 6-3 (Groundball, 56, EV 103.1 MPH)
|
|
Batting: RHB Itsuo Egami
|
0-0: Foul Ball, location: 2F 0-1: Ball 1-1: Foul Ball, location: 2F 1-2: Fly out, F8 (Flyball, 8RD, EV 101.9 MPH)
|
| Bottom of the 3rd over - 0 runs, 0 hits, 0 errors, 0 left on base; Norfolk 1 - Buffalo 1 |
| TOP OF THE 4TH |
|
Norfolk Tides batting - Pitching for Buffalo Bisons : RHP Edward Saunders
|
|
Batting: SHB Ben Pierce
|
0-0: Ball 1-0: Ground out U3 (Groundball, 3, EV 97.5 MPH)
|
|
Batting: RHB Bobby Scholl
|
0-0: Called Strike 0-1: Ground out 4-3 (Groundball, 34D, EV 87.5 MPH)
|
|
Batting: SHB Brian Bentz
|
0-0: Ball 1-0: Ball 2-0: Ball 3-0: Base on Balls
|
|
Batting: RHB Logan Savarese
|
0-0: Called Strike 0-1: Ball 1-1: Called Strike 1-2: Strikes out swinging
|
| Top of the 4th over - 0 runs, 0 hits, 0 errors, 1 left on base; Norfolk 1 - Buffalo 1 |
| BOTTOM OF THE 4TH |
|
Buffalo Bisons batting - Pitching for Norfolk Tides : LHP Silas Chinn
|
|
Batting: RHB Francisco Hernandez
|
0-0: Foul Ball, location: 2F 0-1: Ball 1-1: SINGLE (Groundball, 25, EV 71.9 MPH) (infield hit)
|
|
Batting: RHB Amari Benton
|
0-0: Called Strike 0-1: Ball 1-1: Called Strike 1-2: Ball 2-2: Ball 3-2: Ground out 6-3 (Groundball, 6D, EV 88.8 MPH) Francisco Hernandez to second
|
|
Batting: RHB John Michener
|
0-0: Ball 1-0: Foul Ball, location: 2F 1-1: Foul Ball, location: 2F 1-2: Strikes out swinging
|
|
Batting: RHB Jordan Fairburn
|
0-0: Ball 1-0: Ball 2-0: Ground out 5-3 (Groundball, 56S, EV 89.4 MPH)
|
| Bottom of the 4th over - 0 runs, 1 hit, 0 errors, 1 left on base; Norfolk 1 - Buffalo 1 |
| TOP OF THE 5TH |
|
Norfolk Tides batting - Pitching for Buffalo Bisons : RHP Edward Saunders
|
|
Batting: RHB Mario Saez
|
0-0: Ball 1-0: Ball 2-0: Swinging Strike 2-1: Foul Ball, location: 2F 2-2: Ball 3-2: Base on Balls
|
|
Batting: SHB Marvin Garcia
|
0-0: Ball 1-0: Ball 2-0: Swinging Strike 2-1: Foul Ball, location: 2F 2-2: Strikes out swinging
|
|
Batting: RHB Longfellow Wetzler
|
0-0: Called Strike 0-1: Foul Ball, location: 2F 0-2: Ball 1-2: Strikes out looking
|
|
Batting: LHB Ben Rubenacker
|
0-0: Ball 1-0: DOUBLE (Groundball, 5L, EV 106.9 MPH) Mario Saez to third Runner from 3rd tries for Home, SAFE, throw by LF to trailing runner, SAFE at third!
|
|
Batting: RHB Michel Kamphuis
|
0-0: Foul Ball, location: 2F 0-1: Ground out U3 (Groundball, 3, EV 85.0 MPH)
|
| Top of the 5th over - 1 run, 1 hit, 0 errors, 1 left on base; Norfolk 2 - Buffalo 1 |
| BOTTOM OF THE 5TH |
|
Buffalo Bisons batting - Pitching for Norfolk Tides : LHP Silas Chinn
|
|
Batting: RHB Darren McCarty Jr.
|
0-0: Foul Ball, location: 2F 0-1: Ball 1-1: Foul Ball, location: 2F 1-2: Fly out, F9 (Flyball, 89S, EV 86.2 MPH)
|
|
Batting: RHB Justin Ganey
|
0-0: Foul Ball, location: 2F 0-1: Ball 1-1: Foul Ball, location: 2F 1-2: Strikes out swinging
|
|
Batting: RHB Finn Ross
|
0-0: Called Strike 0-1: Foul Ball, location: 2F 0-2: SINGLE (Line Drive, 8RS, EV 111.2 MPH)
|
|
Batting: RHB Alex Ramos
|
0-0: Ball Finn Ross steals 2nd base 1-0: Ball 2-0: DOUBLE (Groundball, 5L, EV 105.0 MPH) Finn Ross scores
|
|
Batting: RHB Itsuo Egami
|
0-0: Ball 1-0: Called Strike 1-1: Called Strike 1-2: Ball 2-2: Foul Ball, location: 2F 2-2: Foul Ball, location: 2F 2-2: Foul Ball, location: 2F 2-2: Ball 3-2: SINGLE (Line Drive, 7S, EV 100.6 MPH) Alex Ramos to third Runner from 3rd tries for Home, SAFE, throw by LF to home
|
|
Batting: RHB Francisco Hernandez
|
0-0: Called Strike 0-1: Ball 1-1: Foul Ball, location: 2F 1-2: Ground out 2-3 (Groundball, 13S, EV 74.4 MPH)
|
| Bottom of the 5th over - 2 runs, 3 hits, 0 errors, 1 left on base; Norfolk 2 - Buffalo 3 |
| TOP OF THE 6TH |
|
Norfolk Tides batting - Pitching for Buffalo Bisons : RHP Edward Saunders
|
|
Batting: SHB Ben Pierce
|
0-0: Hit by Pitch
|
|
Batting: RHB Bobby Scholl
|
0-0: Ball 1-0: Called Strike 1-1: Swinging Strike 1-2: Foul Ball, location: 2F 1-2: Strikes out swinging
|
|
Batting: SHB Brian Bentz
|
0-0: Ball 1-0: Ball 2-0: Swinging Strike 2-1: Swinging Strike 2-2: Foul Ball, location: 2F 2-2: Ball Wild Pitch! Ben Pierce to second 3-2: Strikes out swinging
|
|
Batting: RHB Logan Savarese
|
0-0: Ball 1-0: Fly out, F8 (Flyball, 8RXD, EV 88.8 MPH)
|
| Top of the 6th over - 0 runs, 0 hits, 0 errors, 1 left on base; Norfolk 2 - Buffalo 3 |
| BOTTOM OF THE 6TH |
|
Buffalo Bisons batting - Pitching for Norfolk Tides : LHP Silas Chinn
|
|
Batting: RHB Amari Benton
|
0-0: Foul Ball, location: 2F 0-1: Swinging Strike 0-2: Ball 1-2: Strikes out swinging
|
|
Batting: RHB John Michener
|
0-0: Ball 1-0: Ground out 6-3 (Groundball, 56, EV 92.5 MPH)
|
|
Batting: RHB Jordan Fairburn
|
0-0: Called Strike 0-1: Called Strike 0-2: Foul Ball, location: 2F 0-2: Ball 1-2: Foul Ball, location: 2F 1-2: Foul Ball, location: 2F 1-2: Ground out 6-3 (Groundball, 6, EV 81.9 MPH)
|
| Bottom of the 6th over - 0 runs, 0 hits, 0 errors, 0 left on base; Norfolk 2 - Buffalo 3 |
| TOP OF THE 7TH |
|
Norfolk Tides batting - Pitching for Buffalo Bisons : RHP Edward Saunders
|
|
Batting: RHB Mario Saez
|
0-0: Called Strike 0-1: Ball 1-1: Ball 2-1: Foul Ball, location: 2F 2-2: Foul Ball, location: 2F 2-2: Foul Ball, location: 2F 2-2: Ball 3-2: Fly out, F7 (Flyball, 78S, EV 90.0 MPH)
|
|
Pitching: LHP Steve Taylor
|
|
|
Batting: SHB Marvin Garcia
|
0-0: Ball 1-0: Foul Ball, location: 2F 1-1: Ball 2-1: Swinging Strike 2-2: Foul Ball, location: 2F 2-2: Ground out 4-3 (Groundball, 4M, EV 86.2 MPH)
|
|
Batting: RHB Longfellow Wetzler
|
0-0: Foul Ball, location: 2F 0-1: Fly out, F3 (Popup, 3F, EV 79.4 MPH)
|
| Top of the 7th over - 0 runs, 0 hits, 0 errors, 0 left on base; Norfolk 2 - Buffalo 3 |
| BOTTOM OF THE 7TH |
|
Buffalo Bisons batting - Pitching for Norfolk Tides : LHP Silas Chinn
|
|
Pitching: LHP Randy Adams
|
|
|
Batting: RHB Darren McCarty Jr.
|
0-0: Ball 1-0: Bunt missed! 1-1: Ball 2-1: Ball 3-1: Base on Balls
|
|
Batting: RHB Justin Ganey
|
0-0: Ball 1-0: Called Strike 1-1: Called Strike 1-2: Grounds into double play, 6-4-3 (Groundball, 6, EV 83.8 MPH)
|
|
Batting: RHB Finn Ross
|
0-0: Swinging Strike 0-1: Ball 1-1: Ball 2-1: Ground out 1-3 (Groundball, 15S, EV 70.6 MPH)
|
| Bottom of the 7th over - 0 runs, 0 hits, 0 errors, 0 left on base; Norfolk 2 - Buffalo 3 |
| TOP OF THE 8TH |
|
Norfolk Tides batting - Pitching for Buffalo Bisons : LHP Steve Taylor
|
|
Pinch Hitting: SHB Jason Hayes
|
0-0: Ball 1-0: Ball 2-0: Swinging Strike 2-1: Ball 3-1: Foul Ball, location: 2F 3-2: Base on Balls
|
|
Batting: RHB Michel Kamphuis
|
0-0: Foul Ball, location: 2F 0-1: Foul Ball, location: 2F 0-2: Ball 1-2: Grounds into double play, 6-4-3 (Groundball, 6D, EV 83.8 MPH)
|
|
Batting: RHB Vince Jackson
|
0-0: Called Strike 0-1: SINGLE (Groundball, 6, EV 97.5 MPH)
|
|
Batting: RHB Bobby Scholl
|
0-0: Swinging Strike 0-1: Swinging Strike 0-2: Fly out, F2 (Popup, 2RF, EV 83.8 MPH)
|
| Top of the 8th over - 0 runs, 1 hit, 0 errors, 1 left on base; Norfolk 2 - Buffalo 3 |
| BOTTOM OF THE 8TH |
|
Buffalo Bisons batting - Pitching for Norfolk Tides : LHP Randy Adams
|
|
Now at 1B: Jason Hayes
|
|
|
Batting: RHB Alex Ramos
|
0-0: Foul Ball, location: 2F 0-1: Reached on error, E6 (Groundball, 6MS, EV 92.5 MPH)
|
|
Batting: RHB Itsuo Egami
|
0-0: Ball 1-0: Ball 2-0: 2-RUN HOME RUN (Flyball, 9D, EV 92.5 MPH), Distance : 358 ft
|
|
Batting: RHB Francisco Hernandez
|
0-0: Ball 1-0: Ground out U3 (Groundball, 3, EV 88.8 MPH)
|
|
Batting: RHB Amari Benton
|
0-0: Ball 1-0: Swinging Strike 1-1: Ball 2-1: Foul Ball, location: 2F 2-2: Ball 3-2: Base on Balls
|
|
Batting: RHB John Michener
|
0-0: Ball 1-0: Fielders Choice at 2nd, 5-4 (Groundball, 56, EV 110.6 MPH)
|
|
Batting: RHB Jordan Fairburn
|
0-0: Ball 1-0: Foul Ball, location: 2F 1-1: Ground out 2-3 (Groundball, 2R, EV 62.5 MPH)
|
| Bottom of the 8th over - 2 runs, 1 hit, 1 error, 1 left on base; Norfolk 2 - Buffalo 5 |
| TOP OF THE 9TH |
|
Norfolk Tides batting - Pitching for Buffalo Bisons : LHP Steve Taylor
|
|
Pitching: LHP Mario Amore
|
|
|
Batting: SHB Brian Bentz
|
0-0: Ball 1-0: Swinging Strike 1-1: Foul Ball, location: 2F 1-2: Foul Ball, location: 2F 1-2: Strikes out swinging
|
|
Batting: RHB Logan Savarese
|
0-0: Called Strike 0-1: Called Strike 0-2: Foul Ball, location: 2F 0-2: Ball 1-2: Ball 2-2: Foul Ball, location: 2F 2-2: Strikes out swinging
|
|
Batting: RHB Mario Saez
|
0-0: Ball 1-0: Ball 2-0: Ball 3-0: Base on Balls
|
|
Batting: SHB Marvin Garcia
|
0-0: Called Strike 0-1: Ball Pickoff Throw by Catcher to First - Out!
|
| Top of the 9th over - 0 runs, 0 hits, 0 errors, 0 left on base; Norfolk 2 - Buffalo 5 |
|